 Dungeon Crawl Stone Soup version 0.22-a0-197-g4ac3794 (webtiles) character file.

582 vishdafish the Bolt Thrower (level 7, -1/51 HPs)
             Began as a Demonspawn Arcane Marksman on Feb 18, 2018.
             Shot with an arrow by a centaur (12 damage)
             ... on level 5 of the Dungeon.
             The game lasted 00:05:06 (3476 turns).

vishdafish the Bolt Thrower (DsAM)                  Turns: 3476, Time: 00:05:06

Health: -1/51      AC:  3    Str: 12    XL:     7   Next: 14%
Magic:  11/11      EV: 13    Int: 14    God:
Gold:   173        SH:  4    Dex: 14    Spells: 10/11 levels left

rFire    + . .     SeeInvis .   a - +0 hand crossbow
rCold    . . .     Gourm    .   (no shield)
rNeg     . . .     Faith    .   e - +0 robe
rPois    .         Spirit   .   (no helmet)
rElec    .         Reflect  .   (no cloak)
rCorr    .         Harm     .   m - +0 pair of gloves
MR       .....                  (no boots)
Stlth    +.........             (no amulet)
HPRegen  0.17/turn              (no ring)
MPRegen  0.12/turn              (no ring)

@: no status effects
A: large bone plates 1, demonic guardian 2, fire resistance 1
a: no special abilities


You were on level 5 of the Dungeon.
You were hungry.

You visited 1 branch of the dungeon, and saw 5 of its levels.

You collected 173 gold pieces.

Inventory:

Hand Weapons
 a - a +0 hand crossbow (weapon)
Missiles
 d - 4 bolts (quivered)
 g - a throwing net
Armour
 e - a +0 robe (worn)
 m - a +0 pair of gloves (worn)
Jewellery
 k - a cursed -3 ring of dexterity {unknown}
Wands
 u - a wand of iceblast (5)
Scrolls
 b - 3 scrolls of identify {unknown}
 h - a scroll of fog {unknown}
 i - 2 scrolls of teleportation {unknown}
 j - 2 scrolls of remove curse {unknown}
 n - a scroll of magic mapping {unknown}
 o - 2 scrolls of noise {unknown}
 r - a scroll of enchant armour {unknown}
Potions
 l - a potion of degeneration {unknown}
 p - a potion of mutation {unknown}
 t - a potion of magic {unknown}
Books
 c - a book of Debilitation

   Spells                             Type                      Level
   a - Corona                         Hexes                        1
   b - Slow                           Hexes                        2
   c - Inner Flame                    Hexes/Fire                   3
   d - Portal Projectile              Hexes/Translocation          3
   e - Cause Fear                     Hexes                        4
   f - Leda's Liquefaction            Hexes/Earth                  4
 q - a book of Minor Magic

   Spells                             Type                      Level
   a - Magic Dart                     Conjuration                  1
   b - Blink                          Translocation                2
   c - Call Imp                       Summoning                    2
   d - Slow                           Hexes                        2
   e - Conjure Flame                  Conjuration/Fire             3
   f - Mephitic Cloud                 Conjuration/Poison/Air       3
Comestibles
 f - 6 rations


   Skills:
 + Level 2.6 Fighting
 + Level 5.2 Crossbows
 + Level 1.6 Armour
 + Level 3.0 Dodging
 - Level 0.4 Stealth
 * Level 2.9 Spellcasting
 - Level 3.0 Hexes


You had 10 spell levels left.
You knew the following spells:

 Your Spells              Type           Power        Failure   Level  Hunger
a - Corona                Hex            ##.....      6%          1    #......


Dungeon Overview and Level Annotations

Branches:
Dungeon (5/15)
 Temple: D:4-7

Altars:


Innate Abilities, Weirdness & Mutations

You are partially covered in large bone plates. (SH +4)
A demonic guardian rushes to your aid.
Your flesh is heat resistant. (rF+)


Message History

HP restored.
You climb downwards.
The centaur shoots an arrow.
The arrow hits you!
The centaur shoots an arrow.
The arrow hits you but does no damage.
There is a stone staircase leading up here.
You see here 2 arrows.
Firing (i - inventory. (/) - cycle)
d - 6 bolts (quivered)
Press: ? - help, Shift-Dir - straight line, f - centaur
Aim: a centaur, wielding an enchanted shortbow You shoot a bolt.
The bolt barely misses the centaur.
The centaur shoots an arrow.
The arrow barely misses you.
The centaur shoots an arrow.
The arrow hits you!
Firing (i - inventory. (/) - cycle)
d - 5 bolts (quivered)
Press: ? - help, Shift-Dir - straight line, f/p - centaur
Aim: a centaur, wielding an enchanted shortbow You shoot a bolt.
The bolt barely misses the centaur.
The centaur shoots an arrow.
The arrow hits you!
The centaur shoots an arrow.
The arrow hits you!
* * * LOW HITPOINT WARNING * * *
The centaur shoots an arrow.
The arrow hits you!
You die...

##.....#......
##.............
#..............
#..............
#..............
#............(.
#...........c..
#......(....?.(
##...†@........
##.3(..#.....#
#############


You could see a centaur and a friendly smoke demon.

Vanquished Creatures
  A bullfrog (D:5)
  A howler monkey (D:4)
  A bullfrog zombie (D:3)
  2 hounds (D:4)
  An iguana (D:4)
  2 worker ants (D:4)
  4 gnolls
  9 adders
  An ooze (D:4)
  2 worms (D:3)
  4 dart slugs
  4 leopard geckos
  7 orcs
  3 giant cockroaches
  8 goblins
  3 hobgoblins
  4 jackals
  8 kobolds
  A quokka (D:2)
  A bat (D:3)
  5 frilled lizards
  A quokka skeleton (D:4)
  3 rats
76 creatures vanquished.

Vanquished Creatures (collateral kills)
  An ogre (D:4)
  A scorpion (D:4)
2 creatures vanquished.

Grand Total: 78 creatures vanquished

Notes
Turn   | Place    | Note
-------+----------+-------------------------------------------
     0 | D:1      | vishdafish the Demonspawn Arcane Marksman began the quest for the Orb.
     0 | D:1      | Reached XP level 1. HP: 15/15 MP: 2/2
    36 | D:1      | Reached skill level 2 in Crossbows
   144 | D:1      | Gained mutation: You are partially covered in large bone plates. (SH +4) [demonic ancestry]
   144 | D:1      | Reached XP level 2. HP: 17/21 MP: 3/3
   455 | D:2      | Reached XP level 3. HP: 10/26 MP: 4/4
   506 | D:2      | Reached skill level 3 in Crossbows
   778 | D:2      | Reached XP level 4. HP: 30/32 MP: 5/5
   967 | D:2      | Reached skill level 4 in Crossbows
  1684 | D:3      | Gained mutation: Your flesh is heat resistant. (rF+) [demonic ancestry]
  1684 | D:3      | Reached XP level 5. HP: 35/37 MP: 6/6
  2464 | D:4      | Gained mutation: A weak demonic guardian rushes to your aid. [demonic ancestry]
  2464 | D:4      | Reached XP level 6. HP: 31/44 MP: 8/8
  2680 | D:4      | Reached skill level 1 in Armour
  2778 | D:4      | Reached skill level 5 in Crossbows
  3163 | D:4      | Gained mutation: A demonic guardian rushes to your aid. [demonic ancestry]
  3163 | D:4      | Reached XP level 7. HP: 51/51 MP: 9/11
  3264 | D:5      | Entered Level 5 of the Dungeon
  3476 | D:5      | Shot with an arrow by a centaur

Vault maps used:
D:1:      lightli_arrival_lavapool
D:2:      first_ration
D:5:      roderic_batcave, corexii_corridor_pit

Skill      XL: |  1  2  3  4  5  6  7 |
---------------+----------------------+-----
Dodging        | 2 3 |  3.0
Crossbows      | 2 3 4 5 |  5.2
Fighting       | 2 |  2.6
Armour         | 1 |  1.6
Spellcasting   | 2 |  2.9
Stealth        | |  0.4
Hexes          | |  3.0

Action                   |  1- 3 |  4- 6 |  7- 9 || total
-------------------------+-------+-------+-------++-------
Melee: Unarmed           |     9 |       |       ||     9
 Fire: Hand crossbow     |    62 |   169 |     7 ||   238
  Use: Potion            |     2 |     2 |       ||     4
  Eat: Chunk             |       |     7 |       ||     7
Armor: Robe              |     3 |     4 |     1 ||     8
       Skin              |    12 |       |       ||    12
Dodge: Dodged            |     7 |    38 |     1 ||    46
Block: Other             |     2 |    15 |       ||    17

Table legend:
 A = Spawn XP
 B = Non-spawn XP
 C = Spawn XP percentage of total XP
 D = Spawn monster count
 E = Non-spawn monster count
 F = Spawn count percentage of total count
 G = Total turns spent on level
                    A         B        C        D         E        F      G
               +---------+---------+-------+---------+---------+-------+---------
         Total |       0 |     832 |   0.0 |       0 |      78 |   0.0 |  3476
               +---------+---------+-------+---------+---------+-------+---------
           D:1 |       0 |      28 |   0.0 |       0 |      14 |   0.0 |   544
           D:2 |       0 |     159 |   0.0 |       0 |      25 |   0.0 |  1110
           D:3 |       0 |      89 |   0.0 |       0 |      19 |   0.0 |   654
           D:4 |       0 |     466 |   0.0 |       0 |      19 |   0.0 |  1153
           D:5 |       0 |      90 |   0.0 |       0 |       1 |   0.0 |    15
               +---------+---------+-------+---------+---------+-------+---------
